 Dungeon Crawl Stone Soup version 0.28.0-53-g5a82cb258f (webtiles) character file.

Game seed: 14909992971909436665

4645 ZappyNine the Martial Artist (level 10, -13/91 HPs)
             Began as a Gnoll Transmuter on May 23, 2022.
             Was a Priest of Okawaru.
             Mangled by a skeletal warrior
             ... wielding a +0 hand axe of electrocution
              (19 damage)
             ... on level 9 of the Dungeon.
             The game lasted 00:15:56 (8875 turns).

ZappyNine the Martial Artist (Gnoll Transmuter)     Turns: 8875, Time: 00:15:56

Health: -13/91     AC: 11    Str: 13    XL:     10   Next: 43%
Magic:  21/21      EV: 27    Int: 13    God:    Okawaru [***...]
Gold:   760        SH:  0    Dex: 13    Spells: 13/23 levels left

rFire   x . .      SeeInvis .     - Unarmed
rCold   + + +      Faith    .   (shield currently unavailable)
rNeg    . . .      Spirit   .   (armour currently unavailable)
rPois   +          Reflect  .   (helmet currently unavailable)
rElec   .          Harm     .   (cloak currently unavailable)
rCorr   .          Rampage  .   (gloves currently unavailable)
Will    .....                   (boots currently unavailable)
Stlth   +++.......              C - amulet of the acrobat
HPRegen 0.25/turn               z - +4 ring of protection
MPRegen 0.17/turn               (no ring)

@: ice-form (expiring), acrobatic, studying Conjurations
A: freezing attack, amphibious, boosted hp, large, (fangs 1), strong nose,
distributed training
a: End Transformation, Renounce Religion, Heroism


You were on level 9 of the Dungeon.
You worshipped Okawaru.
Okawaru was most pleased with you.
You were a creature of crystalline ice.
You visited 2 branches of the dungeon, and saw 10 of its levels.
You also visited: Ossuary.

You collected 760 gold pieces.

Inventory:

Hand Weapons
 l - the +5 mace "Enuz Fai" {holy, rElec SInv}
   (You found it on level 2 of the Dungeon)

   It has been blessed by the Shining One to cause great damage to the undead
   and demons.
   rElec:     It insulates you from electricity.
   SInv:      It lets you see invisible.
 n - the +3 dagger "With Two Names" (melded) {elec, rPois rF+ Str-5 Int+2}
   (You found it on level 3 of the Dungeon)

   It occasionally discharges a powerful burst of electricity upon striking a
   foe.
   Str:       It affects your strength (-5).
   Int:       It affects your intelligence (+2).
   rF:        It protects you from fire.
   rPois:     It protects you from poison.
Armour
 d - a +1 cloak (melded)
 h - a +2 robe of willpower (melded)
 m - a +0 pair of gloves (melded)
 y - a +0 helmet (melded)
Jewellery
 x - a ring of fire
 z - a +4 ring of protection (left front paw)
 C - an amulet of the acrobat (around neck)
 F - a +4 ring of evasion
Wands
 w - a wand of flame (54)
 A - a wand of mindburst (12)
 B - a wand of paralysis (8)
Scrolls
 b - 15 scrolls of identify {unknown}
 c - 4 scrolls of vulnerability {unknown}
 e - a scroll of enchant armour {unknown}
 f - a scroll of blinking {unknown}
 g - a scroll of fear {unknown}
 j - 3 scrolls of immolation {unknown}
 k - 2 scrolls of teleportation {unknown}
 o - 3 scrolls of amnesia {unknown}
 u - a scroll of summoning {unknown}
 D - a scroll of fog {unknown}
 H - a scroll of enchant weapon {unknown}
 I - a scroll of brand weapon {unknown}
Potions
 a - 6 potions of haste {unknown}
 i - 4 potions of degeneration {unknown}
 p - 4 potions of might {unknown}
 q - a potion of heal wounds {unknown}
 r - 4 potions of attraction {unknown}
 s - 8 potions of curing {unknown}
 t - 3 potions of cancellation {unknown}
 v - a potion of invisibility {unknown}
 E - 5 potions of mutation {unknown}
 G - a potion of ambrosia {unknown}


   Skills:
 + Level 5.9 Fighting
 + Level 5.2 Short Blades
 + Level 5.2 Long Blades
 + Level 5.2 Axes
 + Level 5.2 Maces & Flails
 + Level 5.2 Polearms
 + Level 5.2 Staves
 + Level 5.2 Slings
 + Level 5.2 Bows
 + Level 5.2 Crossbows
 + Level 5.2 Throwing
 + Level 5.2 Armour
 + Level 7.1 Dodging
 + Level 5.2 Stealth
 + Level 5.2 Shields
 + Level 8.5 Unarmed Combat
 + Level 7.3 Spellcasting
 + Level 5.2 Conjurations
 + Level 4.3 Hexes
 + Level 4.3 Summonings
 + Level 4.3 Necromancy
 + Level 4.3 Translocations
 + Level 5.8 Transmutations
 + Level 4.3 Fire Magic
 + Level 4.3 Ice Magic
 + Level 4.3 Air Magic
 + Level 4.3 Earth Magic
 + Level 4.3 Poison Magic
 + Level 5.8 Invocations
 + Level 5.2 Evocations


You had 13 spell levels left.
You knew the following spells:

 Your Spells              Type           Power      Damage    Failure   Level
a - Beastly Appendage     Tmut           40%        N/A       1%          1
b - Spider Form           Tmut/Pois      18%        N/A       5%          3
c - Wereblood             Tmut           20%        N/A       1%          2
d - Ice Form              Ice/Tmut       18%        N/A       19%         4

Your spell library contained the following spells:

 Spells                   Type           Power      Damage    Failure   Level
 Conjure Flame            Conj/Fire      17%        6-21      6%          3
 Ignite Poison            Fire/Tmut/Pois 17%        N/A       6%          3
 Sticky Flame             Conj/Fire      17%        2d4       21%         4


Dungeon Overview and Level Annotations

Branches:
Dungeon (9/15)             Temple (1/1) D:6         Ossuary (visited)
   Lair: D:8-11         Orc: D:9-12

Altars:
Ashenzari
Cheibriados
Dithmenos
Elyvilon
Fedhas
Gozag
Hepliaklqana
Kikubaaqudgha
Makhleb
Nemelex Xobeh
Okawaru
Qazlal
Sif Muna
Trog
Uskayaw
Vehumet
Wu Jian
Xom
Zin
The Shining One

Annotations:
D:6 3 runed translucent doors, Zeld's ghost, novice MfSu


Innate Abilities, Weirdness & Mutations

You are a creature of crystalline ice.
You have a powerful freezing melee attack.
You are amphibious.
Your maximum health is increased.
Your armour is entirely melded.
You are incapable of wielding weapons or throwing items.
((You have very sharp teeth.))
Your uncanny sense of smell can sniff out nearby items.
Your experience applies equally to all skills.


Message History

The six-headed hydra bites you but does no damage.
The six-headed hydra bites you. x2
The six-headed hydra bites you but does no damage. x2
The six-headed hydra bites you.
The six-headed hydra bites you but does no damage.
The six-headed hydra bites you. The six-headed hydra bites you! x2
The six-headed hydra bites you but does no damage.
The six-headed hydra bites you. The six-headed hydra bites you.
The six-headed hydra bites you! x2
The six-headed hydra bites you but does no damage.
The six-headed hydra bites you!
* * * LOW HITPOINT WARNING * * *
The six-headed hydra bites you but does no damage.
A skeletal warrior comes into view.
It is wielding a +0 hand axe of electrocution.
You turn to ice and can move again.
Unknown command.
You punch the six-headed hydra!
The six-headed hydra seems to slow down.
You freeze the six-headed hydra.
The six-headed hydra is lightly wounded.
Unknown command.
Unknown command.
Unknown command.
You punch the six-headed hydra! You freeze the six-headed hydra!
The six-headed hydra is heavily wounded.
Your transformation is almost over.
The six-headed hydra bites you but does no damage.
The six-headed hydra bites you!
* * * LOW HITPOINT WARNING * * *
The six-headed hydra bites you but does no damage. x2
The six-headed hydra bites you!
* * * LOW HITPOINT WARNING * * *
The six-headed hydra closely misses you.
Unknown command.
Unknown command.
Found a club.
The six-headed hydra is no longer moving slowly.
The skeletal warrior hits you but does no damage.
You are electrocuted!!
You die...

#.. .......# ##..#
#.....# #....
#.....#
#...##.....## ## #
##.......#..##.##)#
##.?..).............
#..(......#DS...##
##...........z..#..#
###.......##Y.......
#..........#........
#..........#........
#...<.).............
###.)......###......
##.[[...#####..... ∆
#.[.......# ...#.
............... ....
...............


You could see a six-headed hydra, a skeletal warrior and a water moccasin.

Vanquished Creatures
  Psyche (D:8)
  Prince Ribbit (D:8)
  Sigmund (D:2)
  4 yaks (D:8)
  A basilisk (D:9)
  A steam dragon (D:5)
  An acid dragon (D:9)
  An orc warrior (D:8)
  An ice beast (D:4)
  2 black bears
  2 necrophages
  2 centaurs
  An ogre (D:7)
  2 kobold brigands
  A phantom (D:5)
  3 scorpions
  A wyvern zombie (D:6)
  A water moccasin zombie (D:5)
  A water moccasin skeleton (D:5)
  13 wights
  8 howler monkeys
  A bullfrog zombie (D:6)
  2 hounds
  5 centaur zombies
  Crazy Yiuf (D:2)
  A gnoll shaman (D:7)
  3 orc priests
  An iguana (D:5)
  4 orc wizards
  Terence (D:2)
  A hound skeleton (D:4)
  8 mummies (Ossuary)
  8 adders
  8 gnolls
  A shadow imp (D:6)
  3 white imps
  An ufetubus (D:7)
  2 worms
  3 dart slugs
  20 orcs
  7 endoplasms
  4 giant cockroaches
  A gnoll zombie (Ossuary)
  5 goblins
  4 hobgoblins
  8 jackals
  10 kobolds
  3 quokkas
  7 ball pythons
  4 bats (D:1)
  2 frilled lizards
  3 hobgoblin zombies (Ossuary)
  4 orc zombies (Ossuary)
  4 rats
189 creatures vanquished.

Vanquished Creatures (others)
  4 fungi
  10 plants (D:9)
14 creatures vanquished.

Grand Total: 203 creatures vanquished

Notes
Turn   | Place    | Note
-------+----------+-------------------------------------------
     0 | D:1      | ZappyNine the Gnoll Transmuter began the quest for the Orb.
     0 | D:1      | Reached XP level 1. HP: 17/17 MP: 6/6
   228 | D:1      | Reached XP level 2. HP: 19/23 MP: 5/7
   741 | D:1      | Found a faded altar of an unknown god.
  1080 | D:2      | Reached skill level 5 in Spellcasting
  1080 | D:2      | Reached XP level 3. HP: 22/28 MP: 6/9
  1187 | D:2      | Noticed Sigmund
  1193 | D:2      | Learned a level 3 spell: Spider Form
  1196 | D:2      | Learned a level 2 spell: Wereblood
  1206 | D:2      | Killed Sigmund
  1207 | D:2      | Reached skill level 1 in Short Blades
  1207 | D:2      | Reached skill level 1 in Long Blades
  1207 | D:2      | Reached skill level 1 in Axes
  1207 | D:2      | Reached skill level 1 in Maces & Flails
  1207 | D:2      | Reached skill level 1 in Polearms
  1207 | D:2      | Reached skill level 1 in Staves
  1207 | D:2      | Reached skill level 1 in Slings
  1207 | D:2      | Reached skill level 1 in Bows
  1207 | D:2      | Reached skill level 1 in Crossbows
  1207 | D:2      | Reached skill level 1 in Throwing
  1207 | D:2      | Reached skill level 1 in Armour
  1207 | D:2      | Reached skill level 1 in Stealth
  1207 | D:2      | Reached skill level 1 in Shields
  1207 | D:2      | Reached skill level 1 in Conjurations
  1207 | D:2      | Reached skill level 1 in Hexes
  1207 | D:2      | Reached skill level 1 in Summonings
  1207 | D:2      | Reached skill level 1 in Necromancy
  1207 | D:2      | Reached skill level 1 in Translocations
  1207 | D:2      | Reached skill level 1 in Fire Magic
  1207 | D:2      | Reached skill level 1 in Ice Magic
  1207 | D:2      | Reached skill level 1 in Air Magic
  1207 | D:2      | Reached skill level 1 in Earth Magic
  1207 | D:2      | Reached skill level 1 in Poison Magic
  1207 | D:2      | Reached skill level 1 in Invocations
  1207 | D:2      | Reached skill level 1 in Evocations
  1207 | D:2      | Reached XP level 4. HP: 26/35 MP: 8/11
  1207 | D:2      | Reached XP level 5. HP: 30/41 MP: 8/12
  1738 | D:2      | Reached XP level 6. HP: 47/47 MP: 13/13
  1841 | D:2      | Noticed Terence
  1856 | D:2      | Killed Terence
  2216 | D:2      | Found a runed translucent door.
  2217 | D:2      | Noticed Crazy Yiuf
  2224 | D:2      | Killed Crazy Yiuf
  2225 | D:2      | Reached skill level 5 in Dodging
  2227 | D:2      | Identified the +5 mace "Enuz Fai" {holy, rElec SInv}
  2340 | D:3      | Identified the +3 dagger "With Two Names" {elec, rPois rF+
                  | Str-5 Int+2}
  3112 | D:3      | Found a shimmering altar of Xom.
  3209 | D:4      | Noticed a black bear
  3209 | D:4      | Noticed an ice beast
  3219 | D:3      | Killed a black bear
  3220 | D:3      | Reached XP level 7. HP: 20/52 MP: 10/15
  3226 | D:3      | Reached skill level 7 in Unarmed Combat
  3532 | D:4      | Found a sand-covered staircase.
  3540 | D:4      | Learned a level 4 spell: Ice Form
  3542 | Ossuary  | Entered an ossuary
  4286 | D:4      | You fall into a shaft and drop 3 floors!
  4632 | D:6      | Reached XP level 8. HP: 59/60 MP: 7/16
  4705 | D:6      | Found a runed translucent gate.
  4705 | D:6      | Found a runed translucent gate.
  4705 | D:6      | Found a runed translucent gate.
  4706 | D:6      | Noticed Zeld's ghost (novice MfSu)
  4729 | D:6      | Found a snail-covered altar of Cheibriados.
  4782 | D:6      | Found a sparkling altar of Nemelex Xobeh.
  4939 | D:6      | Found a glowing silver altar of Zin.
  4956 | D:6      | Found a staircase to the Ecumenical Temple.
  5001 | Temple   | Entered the Ecumenical Temple
  5102 | Temple   | Became a worshipper of Warmaster Okawaru
  5397 | D:5      | Entered Level 5 of the Dungeon
  5760 | D:5      | Reached * piety under Okawaru
  5865 | D:5      | Found a broken altar of Ashenzari.
  5902 | D:5      | Reached skill level 5 in Transmutations
  5902 | D:5      | Reached XP level 9. HP: 65/66 MP: 18/18
  6074 | D:5      | Found an opulent altar of Gozag.
  6666 | D:7      | Found a stormy altar of Qazlal.
  7000 | D:8      | Reached skill level 5 in Fighting
  7175 | D:8      | Reached ** piety under Okawaru
  7300 | D:8      | Noticed Psyche
  7314 | D:8      | Killed Psyche
  7315 | D:8      | Reached skill level 8 in Unarmed Combat
  7440 | D:8      | Reached skill level 5 in Invocations
  7656 | D:8      | Reached XP level 10. HP: 74/74 MP: 14/20
  8292 | D:9      | Reached skill level 5 in Short Blades
  8292 | D:9      | Reached skill level 5 in Long Blades
  8292 | D:9      | Reached skill level 5 in Axes
  8292 | D:9      | Reached skill level 5 in Maces & Flails
  8292 | D:9      | Reached skill level 5 in Polearms
  8292 | D:9      | Reached skill level 5 in Staves
  8292 | D:9      | Reached skill level 5 in Slings
  8292 | D:9      | Reached skill level 5 in Bows
  8292 | D:9      | Reached skill level 5 in Crossbows
  8292 | D:9      | Reached skill level 5 in Throwing
  8292 | D:9      | Reached skill level 5 in Armour
  8292 | D:9      | Reached skill level 5 in Stealth
  8292 | D:9      | Reached skill level 5 in Shields
  8292 | D:9      | Reached skill level 5 in Evocations
  8537 | D:8      | Reached *** piety under Okawaru
  8545 | D:9      | Noticed Prince Ribbit
  8739 | D:8      | Reached skill level 5 in Conjurations
  8762 | D:8      | Killed Prince Ribbit
  8859 | D:9      | Noticed a six-headed hydra
  8870 | D:9      | Noticed a skeletal warrior
  8875 | D:9      | Mangled by a skeletal warrior

Illustrated notes

Levels and vault maps discovered:
D:1:      erik_arrival_orb_chamber, layout_basic,
          ebering_ecumenical_altar_petrified, item_on_display_a
D:2:      layout_basic, chequers_arboretum, uniq_sigmund,
          uniq_crazy_yiuf_cottage, uniq_terence
D:3:      layout_loops_corners, mainiacjoe_overflow_alcove_2
D:4:      layout_basic, mainiacjoe_overflow_concentric_impassable,
          nicolae_ossuary_entry_plus, uniq_natasha
D:5:      layout_rooms, amcnicky_altar_gilded, nicolae_ashenzari_skybound,
          serial_glass, glass_columns_c, glass_columns_c, glass_columns_a,
          glass_columns_b, minmay_manual_moon
D:6:      layout_cave_pools, mainiacjoe_overflow_catwalk,
          mainiacjoe_overflow_six_doors_small, slow_altar_1, temple_green,
          gammafunk_ghost_necromancy
D:7:      layout_cave_pods, mainiacjoe_overflow_alcove_1
D:8:      layout_basic, uniq_psyche
D:9:      layout_cave_pools, minmay_lair_entry_grove, minmay_ruined_shrine,
          uniq_prince_ribbit1, uniq_joseph
Temple:   dshaligram_water_room_temple

Skill      XL: |  1  2  3  4  5  6  7  8  9 10 |
---------------+-------------------------------+-----
Spellcasting   | 5 6 7 |  7.3
Fighting       | 3 4 5 |  5.9
Short Blades   | 1 2 3 4 5 |  5.2
Long Blades    | 1 2 3 4 5 |  5.2
Axes           | 1 2 3 4 5 |  5.2
Maces & Flails | 1 2 3 4 5 |  5.2
Polearms       | 1 2 3 4 5 |  5.2
Staves         | 1 2 3 4 5 |  5.2
Slings         | 1 2 3 4 5 |  5.2
Bows           | 1 2 3 4 5 |  5.2
Crossbows      | 1 2 3 4 5 |  5.2
Throwing       | 1 2 3 4 5 |  5.2
Armour         | 1 2 3 4 5 |  5.2
Stealth        | 1 2 3 4 5 |  5.2
Shields        | 1 2 3 4 5 |  5.2
Conjurations   | 1 2 3 4 5 |  5.2
Hexes          | 1 2 3 4 |  4.3
Summonings     | 1 2 3 4 |  4.3
Necromancy     | 1 2 3 4 |  4.3
Translocations | 1 2 3 4 |  4.3
Transmutations | 4 5 |  5.8
Fire Magic     | 1 2 3 4 |  4.3
Ice Magic      | 1 2 3 4 |  4.3
Air Magic      | 1 2 3 4 |  4.3
Earth Magic    | 1 2 3 4 |  4.3
Poison Magic   | 1 2 3 4 |  4.3
Invocations    | 1 2 3 4 5 |  5.8
Evocations     | 1 2 3 4 5 |  5.2
Dodging        | 5 6 7 |  7.1
Unarmed Combat | 7 8 |  8.5

Action                   |  1- 3 |  4- 6 |  7- 9 | 10-12 || total
-------------------------+-------+-------+-------+-------++-------
Melee: Unarmed           |    55 |    81 |   209 |    63 ||   408
       Kick              |     5 |       |       |       ||     5
       Bite              |     4 |     4 |     3 |     1 ||    12
       Punch             |     2 |     5 |     4 |       ||    11
       Headbutt          |     2 |       |       |       ||     2
       Mace              |       |    20 |       |       ||    20
       Dagger            |       |     3 |    79 |     7 ||    89
 Cast: Beastly Appendage |     8 |     1 |       |       ||     9
       Spider Form       |     1 |     9 |     4 |       ||    14
       Wereblood         |       |     2 |    13 |     4 ||    19
       Ice Form          |       |       |    18 |     5 ||    23
 Stab: Sleeping          |     1 |     5 |     2 |     1 ||     9
Armor: Robe              |     7 |    22 |    39 |       ||    68
       Skin              |       |     2 |    76 |    60 ||   138
Dodge: Dodged            |    27 |    83 |   189 |    77 ||   376
